 Dungeon Crawl Stone Soup version 0.28-a0-384-g9e0c098162 (webtiles) character file.

Game seed: 6104011992336581054

361 dolemite99 the Poker (level 6, -2/51 HPs)
             Began as a Hill Orc Abyssal Knight on Sept 3, 2021.
             Was a Believer of Lugonu.
             Slain by an ogre (29 damage)
             ... on level 4 of the Dungeon.
             The game lasted 00:05:19 (4769 turns).

dolemite99 the Poker (Hill Orc Abyssal Knight)      Turns: 4769, Time: 00:05:20

Health: -2/51      AC: 10    Str: 17    XL:     6   Next: 66%
Magic:  7/7        EV:  7    Int: 12    God:    Lugonu [**....]
Gold:   126        SH:  0    Dex: 10    Spells: 5/5 levels left

rFire   . . .      SeeInvis .   f - +2 spear (vamp)
rCold   . . .      Faith    .   (no shield)
rNeg    . . .      Spirit   .   o - +0 chain mail
rPois   .          Reflect  .   r - +0 helmet
rElec   .          Harm     .   (no cloak)
rCorr   .          Rampage  .   (no gloves)
Will    .....                   k - +0 pair of boots
Stlth   ..........              (no amulet)
HPRegen 0.17/turn               (no ring)
MPRegen 0.10/turn               (no ring)

@: no status effects
A: no striking features
a: Renounce Religion, Depart the Abyss, Bend Space


You were on level 4 of the Dungeon.
You worshipped Lugonu.
Lugonu was pleased with you.
You visited 1 branch of the dungeon, and saw 4 of its levels.
You visited the Abyss 1 time.

You collected 126 gold pieces.

Inventory:

Hand Weapons
 a - a +1 hand axe
 f - a +2 vampiric spear (weapon)
 i - a +0 trident
Missiles
 c - 28 arrows
 h - 35 sling bullets
 m - 43 stones
Armour
 k - a +0 pair of boots (worn)
 o - a +0 chain mail (worn)
 r - a +0 helmet (worn)
Wands
 e - a wand of flame (18)
Scrolls
 b - a scroll of enchant weapon {unknown}
 j - a scroll of identify {@r1}
Potions
 d - a potion of curing {unknown}
 g - a potion of haste
 n - a potion of flight {unknown}
 p - a potion of heal wounds {unknown}
 q - a potion of attraction {unknown}


   Skills:
 - Level 3.6 Fighting
 - Level 4.4(6.6) Axes
 + Level 6.4(6.9) Polearms
 - Level 2.1 Armour
 - Level 0.7 Dodging
 - Level 2.4 Invocations


You had 5 spell levels left.
You didn't know any spells.
Your spell library contained the following spells:

 Spells                   Type           Power      Damage    Failure   Level
 Animate Skeleton         Necr           0%         N/A       99%         1
 Apportation              Tloc           0%         N/A       99%         1
 Corona                   Hex            0%         N/A       99%         1
 Summon Small Mammal      Summ           0%         N/A       99%         1
 Static Discharge         Conj/Air       0%         N/A       100%        2
 Lightning Bolt           Conj/Air       0%         1d11      100%        5
 Maxwell's Capacitive Co  Air            0%         ∞         100%        8


Dungeon Overview and Level Annotations

Branches:
Dungeon (4/15)             Temple (0/1) D:4

Altars:
Wu Jian

Shops:
D:2 :


Message History

No target in view!
You see here a +0 robe.
There is an open door here.
You open the door.
An ogre comes into view. It is wielding a +0 giant spiked club.
An ogre is nearby!
There is an open door here.
You hit the ogre.
The ogre is lightly wounded.
The ogre hits you with a +0 giant spiked club.
Your chain mail prevents you from hitting the ogre.
The ogre is lightly wounded.
You hit the ogre.
You feel better.
The ogre is moderately wounded.
The ogre hits you with a +0 giant spiked club.
You hit the ogre.
You feel better.
The ogre is moderately wounded.
You barely miss the ogre.
The ogre is moderately wounded.
The ogre hits you with a +0 giant spiked club!
You barely miss the ogre.
The ogre is moderately wounded.
You hit the ogre.
You feel better.
The ogre is heavily wounded.
The ogre hits you but does no damage.
You hit the ogre.
You feel better.
The ogre is heavily wounded.
You barely miss the ogre.
The ogre is heavily wounded.
The ogre hits you with a +0 giant spiked club!!
You hit the ogre.
You feel better.
The ogre is severely wounded.
The ogre hits you with a +0 giant spiked club.
You completely miss the ogre.
The ogre is severely wounded.
You hit the ogre.
You feel better.
The ogre is severely wounded.
The ogre hits you with a +0 giant spiked club!!
Ouch! That really hurt!
You die...

...###.....#
#......####
.#...#.....####......#
...#.................#
.8...#....#..........#
...#...####..........#
[#......# ##.........#
........# #.##......#
#.......# #..#......#
........#####.##@#####
.......['...†...O.#
........#####..#..#
........# ##.#..#
#.......# #.#..#
#.......# ....#
#.......# #...#
######### ...# ...#


You could see an ogre.

Vanquished Creatures
  A phantom (D:4)
  A centaur skeleton (D:4)
  A hound (D:4)
  An iguana (D:3)
  Terence (D:3)
  An orc wizard (D:4)
  Robin (D:3)
  3 adders
  3 adder skeletons (D:4)
  A dart slug (D:2)
  8 orcs
  10 endoplasms
  9 giant cockroaches
  14 goblins
  6 hobgoblins
  2 jackals (D:2)
  3 quokkas
  6 ball pythons
  6 bats
  4 frilled lizards
  7 kobolds
  5 rats
  A toadstool (D:1)
95 creatures vanquished.

Vanquished Creatures (others)
  3 toadstools (D:1)
3 creatures vanquished.

Grand Total: 98 creatures vanquished

Notes
Turn   | Place    | Note
-------+----------+-------------------------------------------
     0 | Abyss:1  | dolemite99 the Hill Orc Abyssal Knight began the quest for
                  | the Orb.
     0 | Abyss:1  | Reached XP level 1. HP: 19/19 MP: 2/2
     9 | D:1      | Escaped the Abyss
    78 | D:1      | Found a faded altar of an unknown god.
   199 | D:1      | Reached XP level 2. HP: 19/26 MP: 3/3
   708 | D:2      | Reached ** piety under Lugonu
   864 | D:2      | Reached XP level 3. HP: 31/31 MP: 4/4
   996 | D:2      | Found Ecuif's Book Shop.
  1102 | D:2      | Reached skill level 1 in Polearms
  1144 | D:2      | Reached skill level 2 in Polearms
  1488 | D:2      | Reached XP level 4. HP: 39/39 MP: 5/5
  1703 | D:3      | Noticed Terence
  1742 | D:3      | Killed Terence
  1743 | D:3      | Reached skill level 3 in Polearms
  1951 | D:3      | Found an ornate altar of the Wu Jian Council.
  2054 | D:3      | Noticed Robin
  2072 | D:3      | Killed Robin
  2073 | D:3      | Reached skill level 4 in Polearms
  2073 | D:3      | Reached XP level 5. HP: 45/45 MP: 6/6
  3478 | D:4      | Reached skill level 5 in Polearms
  4013 | D:4      | Noticed a phantom
  4058 | D:4      | Killed a phantom
  4059 | D:4      | Reached XP level 6. HP: 21/51 MP: 7/7
  4424 | D:4      | Reached skill level 6 in Polearms
  4445 | D:4      | Found a staircase to the Ecumenical Temple.
  4769 | D:4      | Slain by an ogre

Illustrated notes

Levels and vault maps discovered:
D:1:      ldierk_water_garden, layout_rooms, chequers_ecumenical_altar_island
D:2:      layout_basic, serial_shops, nicolae_shop_window_shopping
D:3:      layout_basic, nzn_wu_jian_council_hall, uniq_robin, uniq_terence
D:4:      layout_basic, minmay_temple_entry_sparse_star,
          minmay_misc_feat_four_crosses

Skill      XL: |  1  2  3  4  5  6 |
---------------+-------------------+-----
Axes           | 3 4 |  4.4
Polearms       | 2 4 5 6 |  6.4
Fighting       | |  3.6
Armour         | |  2.1
Dodging        | |  0.7
Invocations    | |  2.4

Action                   |  1- 3 |  4- 6 || total
-------------------------+-------+-------++-------
Melee: Spear             |   131 |   250 ||   381
       Hand axe          |     1 |       ||     1
  Use: Scroll            |       |     6 ||     6
       Potion            |       |     1 ||     1
Armor: Ring mail         |    51 |    17 ||    68
       Leather armour    |     5 |       ||     5
       Chain mail        |       |   105 ||   105
Dodge: Dodged            |    73 |    67 ||   140

Table legend: (Time is in decaauts)
 A = Elapsed time spent in this place.
 B = Non-inter-level travel time spent in this place.
 C = Inter-level travel time spent in this place.
 D = Time resting spent in this place.
 E = Time spent auto-exploring this place.
 F = Levels seen in this place.
 G = Mean time per level.
                   A        B        C        D        E       F      G
               +--------+--------+--------+--------+--------+-----+--------+
         Total |   4709 |   4555 |    154 |   1693 |   1953 |   5 |  941.8 |
       Dungeon |   4697 |   4543 |    154 |   1693 |   1952 |   4 | 1174.2 |
         Abyss |     11 |     11 |      0 |      0 |      1 |   1 |   11.0 |
               +--------+--------+--------+--------+--------+-----+--------+

Top non-repeatable levels by time:
     D:3: 1782 daAuts
     D:4: 1332 daAuts
     D:2: 903 daAuts
     D:1: 679 daAuts
 Abyss:1: 11 daAuts
